General information
- name: BNet
- type: Ladder team game (AT/RT)
- host: Battle.net
- saver: 175891275981275
map: RiverOfSouls
- players: 6
- length: 09:37
- speed: Fast
- version: 1.27 W3XP
- replay type:

» download(72 KB)
Players
team 1 (winner)
175891275981275 (
teal | 145 APM | 1391 actions | 09:37)
3 Blademaster
2 Wind Walk
1 Critical Strike
» actions
| Assign group hotkey | 8 | |
| Basic commands | 10 | |
| Build / train | 32 | |
| Enter build submenu | 50 | |
| Enter hero's abilities submenu | 3 | |
| Remove unit from queue | 1 | |
| Right click | 1004 | |
| Select / deselect | 191 | |
| Select group hotkey | 6 | |
| Use ability | 86 | |
1391 total
» units
» buildings
| Altar of Storms | 3 | |
| Orc Burrow | 2 | |
| War Mill | 1 | |
| Voodoo Lounge | 3 | |
| Watch Tower | 37 | |
| Stronghold | 6 | |
52 total
» build order
00:06 Altar of Storms
00:12 Altar of Storms
00:14 Altar of Storms
00:17 Orc Burrow
00:33 War Mill
01:29 Voodoo Lounge
01:51 Watch Tower
02:24 Watch Tower
02:29 Watch Tower
02:32 Watch Tower
02:50 Watch Tower
03:39 Watch Tower
03:41 Watch Tower
03:58 Watch Tower
04:46 Watch Tower
05:10 Watch Tower
05:10 Watch Tower
05:10 Watch Tower
05:11 Stronghold
05:11 Stronghold
05:11 Stronghold
06:05 Watch Tower
06:06 Watch Tower
06:06 Watch Tower
06:07 Watch Tower
06:36 Watch Tower
06:37 Watch Tower
06:37 Watch Tower
06:38 Watch Tower
06:41 Stronghold
06:41 Stronghold
06:49 Watch Tower
06:50 Watch Tower
06:50 Watch Tower
06:50 Watch Tower
07:07 Voodoo Lounge
07:08 Watch Tower
07:09 Watch Tower
07:19 Orc Burrow
07:31 Voodoo Lounge
08:13 Watch Tower
08:13 Watch Tower
08:19 Watch Tower
08:20 Watch Tower
08:41 Watch Tower
08:54 Watch Tower
08:55 Watch Tower
09:26 Watch Tower
09:27 Watch Tower
09:27 Watch Tower
09:29 Watch Tower
» items
| Healing Salve | 2 | |
| Lesser Clarity Potion | 3 | |
| Boots of Speed | 1 | |
| Staff of Teleportation | 1 | |
7 total
constructivist (
pink | 103 APM | 987 actions | 09:36)
2 Archmage
1 Blizzard
1 Brilliance Aura
» actions
| Assign group hotkey | 19 | |
| Basic commands | 7 | |
| Build / train | 101 | |
| ESC pressed | 2 | |
| Enter build submenu | 48 | |
| Enter hero's abilities submenu | 5 | |
| Right click | 478 | |
| Select / deselect | 239 | |
| Select group hotkey | 15 | |
| Use ability | 73 | |
987 total
» units
» upgrades
» buildings
| Altar of Kings | 1 | |
| Farm | 4 | |
| Lumber Mill | 1 | |
| Scout Tower | 46 | |
| Arcane Tower | 3 | |
| Guard Tower | 73 | |
| Town Hall | 1 | |
129 total
» build order
00:05 Altar of Kings
00:34 Farm
00:44 Lumber Mill
01:27 Scout Tower
01:29 Scout Tower
01:30 Scout Tower
01:33 Farm
01:53 Arcane Tower
01:54 Arcane Tower
01:55 Scout Tower
01:57 Scout Tower
01:58 Scout Tower
01:59 Guard Tower
01:59 Guard Tower
01:59 Guard Tower
02:13 Guard Tower
02:14 Guard Tower
02:24 Scout Tower
02:27 Guard Tower
02:27 Guard Tower
02:43 Guard Tower
02:43 Guard Tower
02:45 Scout Tower
02:46 Scout Tower
02:48 Scout Tower
03:01 Guard Tower
03:01 Guard Tower
03:07 Scout Tower
03:17 Guard Tower
03:20 Guard Tower
03:21 Guard Tower
03:22 Scout Tower
03:29 Scout Tower
03:32 Scout Tower
03:43 Scout Tower
03:44 Scout Tower
03:45 Scout Tower
03:46 Guard Tower
03:50 Guard Tower
03:50 Guard Tower
04:39 Guard Tower
04:40 Guard Tower
04:45 Guard Tower
04:45 Guard Tower
04:45 Guard Tower
04:48 Scout Tower
04:49 Scout Tower
04:51 Scout Tower
04:51 Scout Tower
05:16 Farm
05:17 Farm
05:23 Guard Tower
05:23 Guard Tower
05:23 Guard Tower
05:37 Scout Tower
05:44 Scout Tower
05:45 Scout Tower
05:48 Guard Tower
05:50 Scout Tower
05:51 Scout Tower
06:11 Guard Tower
06:12 Guard Tower
06:13 Scout Tower
06:14 Scout Tower
06:16 Guard Tower
06:17 Guard Tower
06:19 Scout Tower
06:33 Guard Tower
06:33 Guard Tower
06:40 Town Hall
06:42 Scout Tower
06:43 Guard Tower
06:43 Guard Tower
06:43 Guard Tower
06:45 Scout Tower
06:46 Scout Tower
06:50 Scout Tower
06:51 Scout Tower
06:52 Scout Tower
06:53 Guard Tower
07:08 Scout Tower
07:09 Scout Tower
07:09 Scout Tower
07:11 Guard Tower
07:11 Guard Tower
07:11 Guard Tower
07:20 Guard Tower
07:20 Guard Tower
07:20 Guard Tower
07:25 Guard Tower
07:25 Guard Tower
07:25 Guard Tower
07:42 Scout Tower
07:43 Scout Tower
07:46 Guard Tower
07:46 Guard Tower
08:05 Guard Tower
08:07 Guard Tower
08:14 Scout Tower
08:16 Scout Tower
08:19 Scout Tower
08:21 Scout Tower
08:56 Guard Tower
09:00 Guard Tower
09:22 Guard Tower
09:23 Guard Tower
09:25 Scout Tower
09:25 Scout Tower
» items
| Staff of Teleportation | 1 | |
| Healing Salve | 1 | |
| Lesser Clarity Potion | 1 | |
3 total
The_Delivery (
red | 92 APM | 880 actions | 09:36)
2 Goblin Tinker
1 Cluster Rockets
1 Engineering Upgrade
1 Pandaren Brewmaster
1 Breath of Fire
» actions
| Assign group hotkey | 3 | |
| Basic commands | 46 | |
| Build / train | 29 | |
| ESC pressed | 1 | |
| Enter build submenu | 11 | |
| Enter hero's abilities submenu | 3 | |
| Remove unit from queue | 1 | |
| Right click | 544 | |
| Select / deselect | 98 | |
| Select group hotkey | 119 | |
| Use ability | 25 | |
880 total
» units
» buildings
| Altar of Elders | 1 | |
| Moon Well | 6 | |
| Tree of Ages | 1 | |
| Ancient of Wonders | 1 | |
| Tree of Life | 2 | |
11 total
» build order
00:04 Altar of Elders
00:18 Moon Well
01:42 Moon Well
05:02 Moon Well
05:54 Tree of Ages
06:36 Ancient of Wonders
06:42 Moon Well
07:46 Moon Well
09:04 Moon Well
09:28 Tree of Life
09:35 Tree of Life
» items
| Boots of Speed | 1 | |
| Staff of Teleportation | 1 | |
2 total
team 2 (loser)
Behemoth. (
blue | 61 APM | 550 actions | 09:01)
1 Death Knight
1 Death Coil
» actions
| Assign group hotkey | 10 | |
| Build / train | 35 | |
| Enter build submenu | 7 | |
| Enter hero's abilities submenu | 1 | |
| Right click | 296 | |
| Select / deselect | 129 | |
| Select group hotkey | 52 | |
| Use ability | 20 | |
550 total
» units
» buildings
| Graveyard | 1 | |
| Crypt | 2 | |
| Altar of Darkness | 1 | |
| Ziggurat | 3 | |
7 total
» build order
00:14 Graveyard
00:23 Crypt
00:36 Altar of Darkness
00:45 Ziggurat
01:02 Ziggurat
01:57 Ziggurat
02:17 Crypt
ERNESCIK (
purple | 61 APM | 585 actions | 09:36)
2 Death Knight
1 Death Coil
1 Unholy Aura
» actions
| Assign group hotkey | 43 | |
| Basic commands | 4 | |
| Build / train | 31 | |
| Enter build submenu | 9 | |
| Enter hero's abilities submenu | 2 | |
| Right click | 331 | |
| Select / deselect | 81 | |
| Select group hotkey | 65 | |
| Use ability | 19 | |
585 total
» units
» upgrades
» buildings
| Graveyard | 1 | |
| Crypt | 1 | |
| Ziggurat | 3 | |
| Altar of Darkness | 1 | |
| Tomb of Relics | 1 | |
| Halls of the Dead | 1 | |
| Slaughterhouse | 2 | |
| Black Citadel | 1 | |
11 total
» build order
00:09 Graveyard
00:14 Crypt
00:38 Ziggurat
00:57 Altar of Darkness
01:39 Tomb of Relics
02:05 Ziggurat
05:43 Halls of the Dead
06:34 Ziggurat
08:52 Slaughterhouse
08:55 Slaughterhouse
09:01 Black Citadel
» items
| Rod of Necromancy | 1 | |
| Dust of Appearance | 2 | |
3 total
Xepa (
yellow | 59 APM | 537 actions | 09:08)
2 Demon Hunter
1 Mana Burn
1 Evasion
» actions
| Build / train | 29 | |
| Enter build submenu | 14 | |
| Enter hero's abilities submenu | 2 | |
| Remove unit from queue | 1 | |
| Right click | 309 | |
| Select / deselect | 158 | |
| Use ability | 24 | |
537 total
» units
| Wisp | 14 | |
| Archer | 5 | |
| Huntress | 2 | |
| Glaive Thrower | 3 | |
24 total
» buildings
| Altar of Elders | 1 | |
| Ancient of War | 2 | |
| Moon Well | 3 | |
| Ancient of Wonders | 1 | |
| Hunter's Hall | 1 | |
| Tree of Ages | 2 | |
| Ancient of Lore | 1 | |
11 total
» build order
00:04 Altar of Elders
00:07 Ancient of War
00:09 Moon Well
01:45 Moon Well
02:21 Ancient of Wonders
03:59 Hunter's Hall
04:56 Tree of Ages
05:19 Moon Well
06:37 Ancient of War
08:30 Ancient of Lore
Chat log
(05:10 / Allies) The_Delivery: do offensive towers
(05:11 / Allies) The_Delivery: at UD base
(08:19 / All) Behemoth.: always 1 tactic
(08:26 / All) The_Delivery: if the shoe fits
(08:50 / All) Behemoth.: bored
(09:05 / All) constructivist: :<
(09:18 / All) 175891275981275: gg
(09:21 / All) 175891275981275: youtube.com/highperch
(09:28 / All) ERNESCIK: ....